 Dungeon Sprint DCSS version 0.29-a0-620-g13ace881f2 (webtiles) character file.

Game seed: 17154722783379180674

10040 rocky1 the Fighter (level 11, -3/107 HPs)
             Began as a Black Draconian Transmuter on June 19, 2022.
             Was a High Priest of Okawaru.
             Slain by a swamp dragon (13 damage)
             ... in the Dungeon (Sprint VII: "The Pits").
             The game lasted 00:12:27 (3543 turns).

rocky1 the Fighter (Black Draconian Transmuter)     Turns: 3543, Time: 00:12:27

Health: -3/107     AC:  2    Str: 19    XL:     11   Next: 31%
Magic:  23/26      EV: 27    Int: 18    God:    Okawaru [*****.]
Gold:   0          SH:  0    Dex: 16    Spells: 22/32 levels left

rFire   . . .      SeeInvis .     - Unarmed
rCold   . . .      Faith    .   (shield currently unavailable)
rNeg    . . .      Spirit   .   (body armour unavailable)
rPois   x          Reflect  .   (helmet currently unavailable)
rElec   .          Harm     .   (cloak currently unavailable)
rCorr   .          Rampage  .   (gloves currently unavailable)
Will    .....      NoTele   +   (boots currently unavailable)
Stlth   +.........              (no amulet)
HPRegen 0.27/turn               k - +3 ring of strength
MPRegen 0.20/turn               j - +3 ring of strength

@: lethally poisoned (-3 -> -102), spider-form, finesse-ful
A: venomous fangs, (breathe lightning), AC +7, tiny, unfitting armour,
(electricity resistance), (cold-blooded)
a: End Transformation, Renounce Religion, Heroism, Finesse


You were in the Dungeon.
You worshipped Okawaru.
Okawaru was extremely pleased with you.
You were a venomous arachnid creature.
You visited 1 branch

Inventory:

Jewellery
 j - a +3 ring of strength (right front leg)
 k - a +3 ring of strength (left front leg)
Scrolls
 i - 5 scrolls of amnesia
Potions
 a - a potion of lignification
 b - 8 potions of curing
 c - 2 potions of heal wounds
 d - 2 potions of haste
 e - 4 potions of magic
 f - a potion of berserk rage
 h - 2 potions of invisibility
 l - a potion of resistance
 m - a potion of might
 n - a potion of mutation


   Skills:
 + Level 13.3 Fighting
 + Level 11.4 Dodging
 + Level 12.5 Unarmed Combat
 + Level 11.4 Spellcasting
 + Level 12.4 Transmutations
 - Level 9.9 Invocations


You had 22 spell levels left.
You knew the following spells:

 Your Spells              Type           Power      Damage    Failure   Level
a - Beastly Appendage     Tmut           100%       N/A       1%          1
b - Wereblood             Tmut           53%        N/A       1%          2
c - Spider Form           Tmut/Pois      32%        N/A       7%          3
d - Ice Form              Ice/Tmut       32%        N/A       16%         4

Your spell library contained the following spells:

 Spells                   Type           Power      Damage    Failure   Level


Dungeon Overview and Level Annotations

Branches:
Dungeon (1/1)

Altars:
Ashenzari
Cheibriados
Dithmenos
Elyvilon
Fedhas
Gozag
Hepliaklqana
Kikubaaqudgha
Makhleb
Nemelex Xobeh
Okawaru
Qazlal
Ru
Sif Muna
Trog
Uskayaw
Vehumet
Wu Jian
Xom
Yredelemnul
Zin
The Shining One
Beogh
Jiyva
Lugonu


Innate Abilities, Weirdness & Mutations

You are a venomous arachnid creature.
You have poisonous fangs.
You are tiny and dextrous.
Your spellcasting is less reliable in this form.
Your armour is entirely melded.
You are incapable of wielding weapons or throwing items.
((You can breathe wild blasts of lightning.))
((Your glossy black scales are hard. (AC +7)))
You cannot fit into any form of body armour.
((You are resistant to electric shocks. (rElec)))
((You are cold-blooded and may be slowed by cold attacks.))


Message History

You barely miss the swamp dragon. You tail-slap the swamp dragon.
The swamp dragon is heavily wounded.
You feel very sick. The swamp dragon bites you.
The swamp dragon closely misses you.
The swamp dragon tramples you but does no damage.
You punch the swamp dragon!
The swamp dragon is severely wounded.
You feel very sick.
Casting: Spider Form (safe; 1% risk of failure)
Confirm with . or Enter, or press ? or * to list all spells.
You turn into a venomous arachnid creature.
* * * LOW HITPOINT WARNING * * *
You feel extremely sick. The swamp dragon barely misses you.
The swamp dragon claws you but does no damage.
The swamp dragon completely misses you.
You feel better.
The swamp dragon breathes poison at you.
The blast of poison misses you.
Unknown command.
You hit the swamp dragon.
The swamp dragon is severely wounded.
You are engulfed in poison gas.
You are lethally poisoned!
* * * LOW HITPOINT WARNING * * *
x2 You feel very sick.
You hit the swamp dragon.
The swamp dragon is almost dead.
You are engulfed in poison gas.
You are more poisoned.
* * * LOW HITPOINT WARNING * * *
x2 You feel extremely sick.
The swamp dragon barely misses you. The swamp dragon closely misses you.
The swamp dragon completely misses you.
You feel much better.
You are engulfed in poison gas.
You are more poisoned.
* * * LOW HITPOINT WARNING * * *
You feel extremely sick. The swamp dragon bites you!
You die...

..##''# ######## ##### ..##..#
#......###...## ..##..#
#..#'#....÷....##
..##..##..##.##.))..#...#
..##..##.##...##.)☼###..#
..##..####.....##☼##.##)## .
..##...##......#○☼§#.#.[.#....
####....'.....)°☼○○[.'...'..o..
####...##.....)#s°)#.#...#.....
[[##..####.....##D##.##.###.i..
[[##..##.##...##...###..# #...
))##..##..##)##..)..#...# #..
))##..# #.)#'#..)......## #.
))##..# #.....)###...## #######
######## ####


You could see a swamp dragon (catching breath).

Vanquished Creatures
  Ilsuiw (D)
  A hydra (D)
  A hell beast (D)
  A two-headed ogre (D)
  A death yak (D)
  A vampire mage (D)
  A swamp dragon (D)
  A manticore (D)
  An orc sorcerer (D)
  An elephant (D)
  3 merfolk sirens (D)
  A molten gargoyle (D)
  A demonic crawler (D)
  An efreet (D)
  2 ice devils (D)
  A flying skull (D)
  A wraith (D)
  A spriggan (D)
  A basilisk (D)
  4 vampire mosquitoes (D)
  A redback (D)
  A swamp drake (D)
  A sky beast (D)
  An ice beast (D)
  A black bear (D)
  4 wolves (D)
  2 centaurs (D)
  A bullfrog (D)
  A crimson imp (D)
  A hound (D)
  3 orc priests (D)
  An iguana (D)
  5 orc wizards (D)
  4 gnolls (D)
  An ufetubus (D)
  A worm (D)
  12 orcs (D)
  A ball python (D)
  A bat zombie (D)
  A goblin (D)
  4 jackals (D)
  A kobold (D)
  A rat (D)
76 creatures vanquished.

Notes
Turn   | Place    | Note
-------+----------+-------------------------------------------
     0 | D        | rocky1 the Draconian Transmuter began the quest for the
                  | Orb.
     0 | D        | Reached XP level 1. HP: 16/16 MP: 3/3
    45 | D        | Found a bloodstained altar of Trog.
    45 | D        | Found a shimmering blue altar of Sif Muna.
    45 | D        | Found a viscous altar of Jiyva.
    45 | D        | Found a hazy altar of Hepliaklqana.
    45 | D        | Found an opulent altar of Gozag.
    46 | D        | Found a glowing golden altar of the Shining One.
    46 | D        | Found a glowing silver altar of Zin.
    46 | D        | Found a basalt altar of Yredelemnul.
    46 | D        | Found a shimmering altar of Xom.
    46 | D        | Found an ornate altar of the Wu Jian Council.
    46 | D        | Found a sacrificial altar of Ru.
    46 | D        | Found a stormy altar of Qazlal.
    46 | D        | Found an iron altar of Okawaru.
    46 | D        | Found a sparkling altar of Nemelex Xobeh.
    46 | D        | Found a burning altar of Makhleb.
    46 | D        | Found a blossoming altar of Fedhas.
    46 | D        | Found a white marble altar of Elyvilon.
    46 | D        | Found a shadowy altar of Dithmenos.
    46 | D        | Found a snail-covered altar of Cheibriados.
    48 | D        | Found a radiant altar of Vehumet.
    48 | D        | Found a corrupted altar of Lugonu.
   206 | D        | Found a hide-covered altar of Uskayaw.
   206 | D        | Found an ancient bone altar of Kikubaaqudgha.
   206 | D        | Found a broken altar of Ashenzari.
   211 | D        | Became a worshipper of Warmaster Okawaru
   252 | D        | Reached skill level 2 in Fighting
   449 | D        | Reached XP level 2. HP: 24/24 MP: 2/5
   490 | D        | Noticed a bullfrog
   500 | D        | Killed a bullfrog
   500 | D        | Reached * piety under Okawaru
   501 | D        | Reached skill level 4 in Fighting
   501 | D        | Reached XP level 3. HP: 30/33 MP: 6/8
   501 | D        | Reached XP level 4. HP: 37/40 MP: 6/9
   763 | D        | Learned a level 2 spell: Wereblood
   767 | D        | Learned a level 3 spell: Spider Form
   772 | D        | Learned a level 4 spell: Ice Form
   799 | D        | Reached skill level 5 in Unarmed Combat
   804 | D        | Noticed a flying skull
   804 | D        | Noticed an ice beast
   821 | D        | Killed a flying skull
   821 | D        | Reached ** piety under Okawaru
   822 | D        | Reached skill level 6 in Fighting
   822 | D        | Reached skill level 5 in Dodging
   822 | D        | Reached skill level 5 in Spellcasting
   822 | D        | Reached XP level 5. HP: 25/50 MP: 11/13
   822 | D        | Reached XP level 6. HP: 28/57 MP: 11/14
   839 | D        | Killed an ice beast
   934 | D        | Reached skill level 7 in Fighting
  1121 | D        | Noticed a basilisk
  1155 | D        | Killed a basilisk
  1156 | D        | Your scales start taking on a glossy black colour.
  1156 | D        | Reached XP level 7. HP: 18/66 MP: 16/16
  1156 | D        | Gained mutation: You are resistant to electric shocks.
                  | (rElec) [Black Draconian growth]
  1395 | D        | Noticed an orc sorcerer
  1415 | D        | Killed an orc sorcerer
  1415 | D        | Reached *** piety under Okawaru
  1416 | D        | Reached skill level 8 in Fighting
  1416 | D        | Reached XP level 8. HP: 38/75 MP: 15/19
  1855 | D        | Noticed an ice devil
  1860 | D        | Reached skill level 9 in Fighting
  1867 | D        | Killed an ice devil
  1885 | D        | Noticed a swamp dragon
  1902 | D        | Killed a swamp dragon
  1902 | D        | Reached **** piety under Okawaru
  2106 | D        | Noticed an efreet
  2106 | D        | Noticed a manticore
  2198 | D        | Reached skill level 10 in Fighting
  2198 | D        | Reached XP level 9. HP: 57/85 MP: 14/21
  2204 | D        | Killed an efreet
  2204 | D        | Reached ***** piety under Okawaru
  2500 | D        | Killed a manticore
  2501 | D        | Reached skill level 10 in Unarmed Combat
  2501 | D        | Reached skill level 5 in Invocations
  2509 | D        | Reached skill level 10 in Transmutations
  2874 | D        | Noticed a six-headed hydra
  2882 | D        | Reached skill level 11 in Fighting
  2884 | D        | Killed a six-headed hydra
  2884 | D        | Received a gift from Okawaru
  2885 | D        | Reached XP level 10. HP: 96/96 MP: 11/23
  2906 | D        | Noticed a molten gargoyle
  2912 | D        | Killed a molten gargoyle
  2927 | D        | Reached skill level 10 in Dodging
  2927 | D        | Reached skill level 10 in Spellcasting
  3103 | D        | Noticed a hell beast
  3109 | D        | Killed a hell beast
  3121 | D        | Reached skill level 12 in Fighting
  3121 | D        | Noticed a death yak
  3122 | D        | Noticed a vampire mage
  3127 | D        | Killed a death yak
  3131 | D        | Killed a vampire mage
  3131 | D        | Reached ****** piety under Okawaru
  3136 | D        | Noticed a two-headed ogre
  3138 | D        | Noticed an elephant
  3139 | D        | Identified the +0 pair of boots of Uxzemn {rC- Str+2 Int+3}
                  | (Okawaru gifted it to you in the Dungeon)
  3139 | D        | Received a gift from Okawaru
  3149 | D        | Killed a two-headed ogre
  3155 | D        | Reached XP level 11. HP: 30/105 MP: 15/25
  3464 | D        | Noticed Ilsuiw
  3477 | D        | Reached skill level 13 in Fighting
  3492 | D        | Killed Ilsuiw
  3524 | D        | Noticed a swamp dragon
  3543 | D        | Slain by a swamp dragon

Illustrated notes

Levels and vault maps discovered:
D:        pitsprint [storerooms_1, entrance_room_1, metal_vault_3, armoury_2,
          mini_pit_1, grid_room_1, main_hall_1, silver_pit, the_coven_1,
          the_vestibule_1, steel_vault_2, golden_pit, hallway_of_sentries,
          crystal_vault_4, iron_vault_1, final_vault]

Skill      XL: |  1  2  3  4  5  6  7  8  9 10 11 |
---------------+----------------------------------+-----
Dodging        | 2 3 5 6 7 8 9 10 11 | 11.4
Fighting       | 2 4 6 7 8 10 11 12 13 | 13.3
Transmutations | 4 6 7 8 9 10 11 12 | 12.4
Spellcasting   | 3 5 6 7 8 9 10 11 | 11.4
Unarmed Combat | 4 6 7 8 9 10 12 | 12.5
Invocations    | 4 6 9 |  9.9

Action                   |  1- 3 |  4- 6 |  7- 9 | 10-12 || total
-------------------------+-------+-------+-------+-------++-------
Melee: Unarmed           |    47 |    54 |    96 |    87 ||   284
       Kick              |    10 |    13 |    10 |       ||    33
       Headbutt          |     8 |     5 |    12 |       ||    25
       Punch             |     2 |     1 |     1 |     2 ||     6
       Tailslap          |     4 |     3 |     6 |     1 ||    14
 Cast: Beastly Appendage |     5 |     4 |     7 |       ||    16
       Wereblood         |       |     1 |       |       ||     1
       Ice Form          |       |       |     5 |     1 ||     6
       Spider Form       |       |       |     2 |     2 ||     4
Invok: Heroism           |       |       |     3 |     2 ||     5
       Finesse           |       |       |     1 |     2 ||     3
 Abil: Breathe Lightning |       |       |     1 |       ||     1
  Use: Potion            |     2 |     2 |     2 |     2 ||     8
       Scroll            |       |       |     1 |       ||     1
 Stab: Sleeping          |       |     1 |       |       ||     1
Armor: Skin              |    16 |     8 |    17 |     7 ||    48
Dodge: Dodged            |    30 |    28 |    84 |    32 ||   174

Table legend: (Time is in decaauts)
 A = Elapsed time spent in this place.
 B = Non-inter-level travel time spent in this place.
 C = Inter-level travel time spent in this place.
 D = Time resting spent in this place.
 E = Time spent auto-exploring this place.
 F = Levels seen in this place.
 G = Mean time per level.
                   A        B        C        D        E       F      G
               +--------+--------+--------+--------+--------+-----+--------+
         Total |   3483 |   3439 |     44 |   2621 |      0 |   1 | 3483.0 |
       Dungeon |   3483 |   3439 |     44 |   2621 |      0 |   1 | 3483.0 |
               +--------+--------+--------+--------+--------+-----+--------+

Top non-repeatable levels by time:
       D: 3483 daAuts
